 Dungeon Crawl Stone Soup version 0.31-a0-1074-g0b22e4e0f1 (webtiles) character file.

Game seed: 12448434958291618267

58 IdlyInterested the Changeling (level 3, 0/26 HPs)
             Began as a Demonspawn Shapeshifter on Dec 8, 2023.
             Slain by Sigmund
             ... wielding a +0 scythe
              (10 damage)
             ... on level 2 of the Dungeon.
             The game lasted 00:03:57 (1312 turns).

IdlyInterested the Changeling (DsSh)                Turns: 1312, Time: 00:03:58

Health: 0/26       AC:  3    Str: 14    XL:     3   Next: 75%
Magic:  3/3        EV: 12    Int: 11    God:
Gold:   108        SH:  0    Dex: 14    Spells: 2/2 levels left

rFire   . . .        i - +2 dagger (vamp)
rCold   . . .        (no shield)
rNeg    . . .        h - +0 leather armour
rPois   .            (helmet currently unavailable)
rElec   .            (cloak currently unavailable)
rCorr   .            (gloves currently unavailable)
SInv    .            (boots currently unavailable)
Will    .....        (no amulet)
Stlth   +            (no ring)
HPRegen 0.24/turn    (no ring)
MPRegen 0.16/turn

%: no passive effects
@: confused, beast-form
A: beast (slay +2), claws 1, magic regeneration
a: Begin Untransformation


You were on level 2 of the Dungeon.
You were a hulking beast.
You visited 1 branch of the dungeon, and saw 2 of its levels.

You collected 108 gold pieces.

Inventory:

Hand Weapons
 i - a +2 vampiric dagger (weapon)
 j - a +0 short sword
Missiles
 f - 10 stones (quivered)
Armour
 h - a +0 leather armour (worn)
Magical Staves
 e - a staff of cold
Jewellery
 a - an amulet of faith
Talismans
 c - a beast talisman
 d - a flux talisman
 k - a blade talisman
Scrolls
 g - a scroll of identify {unknown}
Potions
 b - 3 potions of lignification


   Skills:
 - Level 1.0 Fighting
 + Level 0.5 Armour
 - Level 2.0 Dodging
 + Level 3.2 Unarmed Combat
 * Level 3.5 Shapeshifting


You had 2 spell levels left.
You didn't know any spells.
Your spell library contained the following spells:

 Spells                   Type           Power      Damage    Failure   Level
 Blink                    Tloc           0%         N/A       56%         2
 Cigotuvi's Dreadful Rot  Necr/Pois/Air  0%         N/A       56%         2
 Ignite Poison            Fire/Tmut/Pois 0%         N/A       80%         3
 Manifold Assault         Tloc           0%         N/A       99%         4
 Freezing Cloud           Conj/Ice/Air   0%         6-21      100%        5


Dungeon Overview and Level Annotations

Branches:
Dungeon (2/15)

Altars:

Annotations:
D:2 Sigmund


Innate Abilities, Weirdness & Mutations

You are a hulking beast.
Your limbs bulge with bestial killing power. (Slay +2)
You have sharp fingernails.
You regenerate magic rapidly.


Message History

You hit Sigmund.
Sigmund is lightly wounded.
Sigmund hits you with a +0 scythe.
You hit Sigmund but do no damage.
Sigmund is lightly wounded.
Sigmund hits you with a +0 scythe.
You hit Sigmund but do no damage.
Sigmund is lightly wounded.
You closely miss Sigmund.
Sigmund is lightly wounded.
Sigmund mumbles some strange words.
Sigmund flickers and vanishes!
Deactivating autopickup; reactivate with Ctrl-A.
Okay, then.
You closely miss something. Something hits you!
* * * LOW HITPOINT WARNING * * *
You see here a bat corpse.
A puff of flame appears from out of thin air!
The puff of flame misses you.
Something tries to affect you, but you resist.
Your transformation is almost over.
There is an escape hatch in the ceiling here.
You feel less porcine.
Your +2 vampiric dagger unmelds from your body.
Your +0 leather armour unmelds from your body.
You feel a sense of dread.
You turn into a hulking beast.
You start resting.
There is a strange disturbance nearby!
You are confused.
You bump into the rock wall.
Something tries to affect you, but you resist.
You bump into the rock wall.
You hear some strange, mumbled words.
You are more confused.
You bump into the rock wall.
You bump into the rock wall.
You hear some strange, mumbled words.
You are more confused.
Something hits you!
You die...

#.# #.# #.# #.# #####
#.##################...#####
#.#.............h...........
#.#.################...#####
#.#.# #<#...................
....# #.#.##################
....# #.#.# ....# #.#<#
....# #.#.#
....###.#.#################
.............†.............


There were no monsters in sight!

Vanquished Creatures
  An adder (D:2)
  2 worms (D:2)
  A dart slug (D:1)
  3 ball pythons
  5 bats
  2 endoplasms
  2 giant cockroaches (D:1)
  7 goblins
  3 hobgoblins
  A quokka (D:2)
  2 kobolds (D:1)
  10 rats
39 creatures vanquished.

Notes
Turn   | Place    | Note
-------+----------+-------------------------------------------
     0 | D:1      | IdlyInterested the Demonspawn Shapeshifter began the quest
                  | for the Orb.
     0 | D:1      | Reached XP level 1. HP: 15/15 MP: 1/1
   279 | D:1      | Gained mutation: You have sharp fingernails. [demonic
                  | ancestry]
   279 | D:1      | Reached XP level 2. HP: 16/21 MP: 2/2
   807 | D:2      | Gained mutation: You regenerate magic rapidly. [demonic
                  | ancestry]
   807 | D:2      | Reached XP level 3. HP: 26/26 MP: 3/3
  1260 | D:2      | Noticed Sigmund
  1269 | D:2      | HP: 1/26 [something (8)]
  1312 | D:2      | Slain by Sigmund

Illustrated notes

Levels and vault maps discovered:
D:1:      matt_arrival_los_fun, layout_loops_ring, minmay_tromino_v4_a
D:2:      layout_basic, glass_columns_a, uniq_sigmund

Skill      XL: |  1  2 |
---------------+-------+-----
Shapeshifting  | 3 |  3.5
Unarmed Combat | 3 |  3.2
Dodging        | 2 |  2.0
Fighting       | |  1.0
Armour         | |  0.5

Action                     || total
---------------------------++-------
  Melee: Unarmed           ||    25
         Dagger            ||    85
         Punch             ||     1
    Use: Potion            ||     3
   Stab: Sleeping          ||     1
 Armour: Leather armour    ||    49
         Animal skin       ||     4
         Skin              ||     4
  Dodge: Dodged            ||    50

Table legend: (Time is in decaauts)
 A = Elapsed time spent in this place.
 B = Non-inter-level travel time spent in this place.
 C = Inter-level travel time spent in this place.
 D = Time resting spent in this place.
 E = Time spent auto-exploring this place.
 F = Levels seen in this place.
 G = Mean time per level.
                   A        B        C        D        E       F      G
               +--------+--------+--------+--------+--------+-----+--------+
         Total |   1301 |   1220 |     81 |     90 |    748 |   2 |  650.5 |
       Dungeon |   1301 |   1220 |     81 |     90 |    748 |   2 |  650.5 |
               +--------+--------+--------+--------+--------+-----+--------+

Top non-repeatable levels by time:
     D:1: 809 daAuts
     D:2: 492 daAuts
